 Dungeon Crawl Stone Soup version 0.23.2-33-g5129a83184 (webtiles) character file.

Game seed: 4983298655599223844

63 FishyPogo the Skirmisher (level 3, -3/30 HPs)
             Began as a Demonspawn Chaos Knight on Aug 5, 2019.
             Was a Plaything of Xom.
             Slain by an adder (4 damage)
             ... on level 2 of the Dungeon.
             The game lasted 00:05:46 (1003 turns).

FishyPogo the Skirmisher (Demonspawn Chaos Knight)  Turns: 1003, Time: 00:05:47

Health: -3/30      AC:  5    Str: 10 (13) XL:     3   Next: 87%
Magic:  3/3        EV: 11    Int: 11 (13) God:    Xom [..*...]
Gold:   103        SH:  0    Dex:  9 (12) Spells: 2/2 levels left

rFire    . . .     SeeInvis .   a - +0 hand axe (chaos)
rCold    . . .     Gourm    .   (no shield)
rNeg     . . .     Faith    .   b - +2 leather armour
rPois    .         Spirit   .   (no helmet)
rElec    .         Reflect  .   g - scarf {repulsion}
rCorr    .         Harm     .   (no gloves)
MR       .....                  (no boots)
Stlth    +.........             (no amulet)
HPRegen  0.10/turn              f - ring of wizardry
MPRegen  0.08/turn              (no ring)

@: lethally poisoned (-3 -> -16), repel missiles
A: demonic guardian 2
a: Renounce Religion


You were on level 2 of the Dungeon.
You worshipped Xom.
You were a toy of Xom.
You were hungry.

You visited 1 branch of the dungeon, and saw 2 of its levels.

You collected 103 gold pieces.

Inventory:

Hand Weapons
 a - a +0 hand axe of chaos (weapon)
Missiles
 k - 27 stones (quivered)
Armour
 b - a +2 leather armour (worn)
 g - a scarf of repulsion (worn)
Jewellery
 f - a ring of wizardry (left hand)
Scrolls
 e - 2 scrolls of teleportation {unknown}
 i - a scroll of remove curse {unknown}
Comestibles
 c - 2 rations
 d - 6 chunks of flesh


   Skills:
 * Level 3.8 Fighting
 + Level 3.0 Axes
 * Level 2.8 Armour
 - Level 1.0 Dodging


You had 2 spell levels left.
You didn't know any spells.
Your spell library was empty.

Dungeon Overview and Level Annotations

Branches:
Dungeon (2/15)

Altars:
Dithmenos


Innate Abilities, Weirdness & Mutations

A demonic guardian rushes to your aid.


Message History

You closely miss the adder.
* * * LOW HITPOINT WARNING * * *
You feel sick. The adder misses you. The adder bites you but does no damage.
* * * LOW HITPOINT WARNING * * *
You feel sick. The adder closely misses you.
You closely miss the adder.
The adder is lightly wounded.
* * * LOW HITPOINT WARNING * * *
You feel sick. The adder bites you.
* * * LOW HITPOINT WARNING * * *
The adder barely misses you.
You miss the adder.
The adder is lightly wounded.
* * * LOW HITPOINT WARNING * * *
You feel sick. The adder closely misses you.
You hit the adder but do no damage.
The adder is lightly wounded.
* * * LOW HITPOINT WARNING * * *
You feel sick. The adder bites you.
You die...

...[... ........ ###
......######._.
#....##......#.#.##....
#....##......#........#
+............#........#
...#.......###.#.........##.
...........@................
######..)†S##............
#..<†..# ##.....# . ##.....#
#.....# ... #.....## #.....#
. ....#......# #.....###.#
<..........####.........#
.!.........#............#
...........).............#


You could see an adder.

Vanquished Creatures
  An adder (D:2)
  A worm (D:2)
  3 dart slugs
  A leopard gecko (D:1)
  2 ball pythons (D:1)
  5 bats
  4 giant cockroaches
  4 goblins
  4 hobgoblins (D:1)
  2 jackals (D:2)
  6 kobolds
  2 frilled lizards (D:1)
  5 rats
40 creatures vanquished.

Notes
Turn   | Place    | Note
-------+----------+-------------------------------------------
     0 | D:1      | FishyPogo the Demonspawn Chaos Knight began the quest for
                  | the Orb.
     0 | D:1      | Reached XP level 1. HP: 18/18 MP: 1/1
    49 | D:1      | Reached skill level 1 in Dodging
    73 | D:1      | Gained mutation: A weak demonic guardian rushes to your
                  | aid. [demonic ancestry]
    73 | D:1      | Reached XP level 2. HP: 20/24 MP: 2/2
   137 | D:1      | XOM: divination: detect creatures
   515 | D:1      | XOM: harmless Summ miscast
   599 | D:1      | Gained mutation: A demonic guardian rushes to your aid.
                  | [demonic ancestry]
   599 | D:1      | Reached XP level 3. HP: 25/29 MP: 3/3
   824 | D:2      | XOM: noise
   893 | D:2      | XOM: divination: magic mapping
   983 | D:2      | Found a shadowy altar of Dithmenos.
   984 | D:2      | XOM: noise
  1003 | D:2      | HP: 1/30 [poisoned by an adder]
  1003 | D:2      | Slain by an adder

Skill      XL: |  1  2  3 |
---------------+----------+-----
Dodging        | 1 |  1.0
Armour         | 2 |  2.8
Axes           | 3 |  3.0
Fighting       | |  3.8

Action                   || total
-------------------------++-------
Melee: Hand axe          ||   119
Throw: Stone             ||     2
  Use: Potion            ||     2
 Stab: Sleeping          ||     1
Armor: Leather armour    ||    75
Dodge: Dodged            ||    99
       Deflected         ||     1
